 Dungeon Crawl Stone Soup version 0.20-a0-432-g25cc1b4 (webtiles) character file.

1470 Kidiri the Thaumaturge (level 8, -2/44 HPs)
             Began as a Deep Elf Fire Elementalist on Jan 2, 2017.
             Was a Follower of Vehumet.
             Slain by an orc warrior
             ... wielding a +0 halberd
              (17 damage)
             ... on level 7 of the Dungeon.
             The game lasted 00:22:12 (5854 turns).

Kidiri the Thaumaturge (Deep Elf Fire Elementalist) Turns: 5854, Time: 00:22:13

Health: -2/44      AC:  4    Str:  5    XL:     8   Next: 49%
Magic:  6/31       EV: 14    Int: 23    God:    Vehumet [*.....]
Gold:   226        SH:  0    Dex: 15    Spells: 5/24 levels left

rFire  . . .     SeeInvis .     j - +2 dagger (venom)
rCold  . . .     Gourm    .     w - +0 robe of the Other World {rElec}
rNeg   . . .     Faith    .     (no shield)
rPois  +         Spirit   .     (no helmet)
rElec  +         Reflect  .     (no cloak)
rCorr  .         Harm     .     z - +0 pair of gloves
MR     .....                    p - +0 pair of boots
Stlth  ++........               o - amulet of regeneration
                                A - ring of poison resistance
                                y - ring of magical power

@: very slightly contaminated
A: no striking features
a: Renounce Religion


You were on level 7 of the Dungeon.
You worshipped Vehumet.
Vehumet was aware of your devotion.
You were not hungry.

You visited 2 branches of the dungeon, and saw 8 of its levels.

You collected 226 gold pieces.

Inventory:

Hand Weapons
 j - a +2 dagger of venom (weapon)
 B - a +1 dagger of speed
 F - the +3 great sword of Ipsut {slice, Stlth+}
   (You found it on level 6 of the Dungeon)

   It inflicts extra damage upon your enemies.
   It makes you more stealthy.
Armour
 a - a +0 robe
 p - a +0 pair of boots (worn)
 w - the +0 robe of the Other World (worn) {rElec}
   (You found it on level 4 of the Dungeon)

   It insulates you from electricity.
 z - a +0 pair of gloves (worn)
Jewellery
 o - an amulet of regeneration (around neck)
 y - a ring of magical power (left hand)
 A - a ring of poison resistance (right hand)
Wands
 v - a wand of paralysis (15/24)
 E - a wand of acid (8/15)
Scrolls
 g - 2 scrolls of immolation
 k - 3 scrolls of teleportation
 m - 3 scrolls of remove curse
 G - a scroll of amnesia
Potions
 d - a potion of cancellation
 e - 3 potions of magic
 f - a potion of brilliance
 l - a potion of heal wounds
 n - 3 potions of curing {unknown}
 r - 2 potions of cure mutation
 t - 3 potions of invisibility {unknown}
 u - a potion of lignification
 x - a potion of berserk rage
 C - a potion of agility {unknown}
Books
 b - a book of Flames

   Spells                             Type                      Level
   a - Flame Tongue                   Conjuration/Fire             1
   b - Throw Flame                    Conjuration/Fire             2
   c - Conjure Flame                  Conjuration/Fire             3
   d - Inner Flame                    Hexes/Fire                   3
   e - Sticky Flame                   Conjuration/Fire             4
   f - Fireball                       Conjuration/Fire             5
Comestibles
 c - 4 bread rations
 h - 4 meat rations
 i - a royal jelly
 q - a beef jerky
 s - 3 fruits


   Skills:
 + Level 1.8 Fighting
 + Level 2.5 Short Blades
 + Level 2.0 Armour
 + Level 3.9 Dodging
 - Level 2.4 Stealth
 * Level 8.5 Spellcasting
 + Level 5.2 Conjurations
 + Level 5.6 Fire Magic
 + Level 0.0 Air Magic
 + Level 1.8 Evocations


You had 5 spell levels left.
You knew the following spells:

 Your Spells              Type           Power        Failure   Level  Hunger
a - Flame Tongue          Conj/Fire      ####.        1%          1    None
b - Throw Flame           Conj/Fire      ####..       1%          2    None
c - Conjure Flame         Conj/Fire      ####....     1%          3    None
d - Inner Flame           Hex/Fire       ###.....     10%         3    None
e - Sticky Flame          Conj/Fire      ####....     10%         4    ##.....
f - Fireball              Conj/Fire      ####......   21%         5    #####..
g - Shock                 Conj/Air       ###.         2%          1    None


Dungeon Overview and Level Annotations

Branches:
Dungeon (7/15)             Temple (1/1) D:5

Altars:
Ashenzari
Cheibriados
Elyvilon
Fedhas
Gozag
Hepliaklqana
Kikubaaqudgha
Makhleb
Nemelex Xobeh
Okawaru
Qazlal
Ru
Sif Muna
Trog
Uskayaw
Vehumet
Xom
Yredelemnul
Zin
The Shining One


Message History

Vehumet accepts your kill.
You feel a bit more experienced.
Unknown command.
Casting: Fireball
Confirm with . or Enter, or press ? or * to list all spells.
Aiming: Flame Tongue
Press: ? - help, Shift-Dir - straight line, f - wight
Aim: a wight, wielding a long sword and wearing a robe The flame tongue hits the wight.
The wight is moderately damaged.
The orc warrior hits you from afar with a halberd!!
Casting: Flame Tongue
Confirm with . or Enter, or press ? or * to list all spells.
Aiming: Flame Tongue
Press: ? - help, Shift-Dir - straight line, f - orc warrior, p - wight
Aim: an orc warrior, wielding a halberd and wearing a chain mail (almost dead)
The flame tongue hits the orc warrior.
The orc warrior is almost dead.
The orc warrior hits you from afar with a halberd!
You die...

#<...........##.#.##.##..
#......................#
........#.##.##.......##
###.....#.##.##.......#
#.#...#.#####.#.##..#
#............).[##..#
#.##.##.....o).........
#.# .########ยง#####....
### .# #.@z.z..###
#######?#


You could see an orc warrior and 2 wights.

Vanquished Creatures
  An ice beast (D:5)
  A phantom (D:5)
  2 ogres
  The ghost of 100P the Slasher, an amateur DsGl (D:3)
  A centaur (D:6)
  A bullfrog (D:6)
  A scorpion (D:5)
  2 howler monkeys (D:4)
  A crimson imp (D:5)
  A bullfrog zombie (D:5)
  4 hounds
  A bullfrog skeleton (D:4)
  3 orc priests (D:5)
  A jelly (D:5)
  2 iguanas
  An orc wizard (D:5)
  5 worker ants
  4 gnolls (D:2)
  A howler monkey skeleton (D:5)
  6 adders
  A shadow imp (D:5)
  An ooze (D:1)
  An adder skeleton (D:6)
  3 worms (D:2)
  3 leopard geckos
  25 orcs
  5 bats
  5 giant cockroaches
  7 goblins
  13 hobgoblins
  3 jackals (D:6)
  A quokka (D:5)
  4 frilled lizards
  10 kobolds
  A quokka zombie (D:5)
  3 rats
126 creatures vanquished.

Notes
Turn   | Place    | Note
-------+----------+-------------------------------------------
     0 | D:1      | Kidiri the Deep Elf Fire Elementalist began the quest for the Orb.
     0 | D:1      | Reached XP level 1. HP: 10/10 MP: 6/6
   293 | D:1      | Reached XP level 2. HP: 15/15 MP: 5/8
   297 | D:1      | Learned a level 2 spell: Throw Flame
   765 | D:2      | Found a blossoming altar of Fedhas.
   765 | D:2      | Found a deep blue altar of Sif Muna.
   767 | D:2      | Reached skill level 4 in Spellcasting
  1274 | D:2      | Reached XP level 3. HP: 19/19 MP: 5/10
  1279 | D:2      | Learned a level 3 spell: Conjure Flame
  1283 | D:2      | Learned a level 3 spell: Inner Flame
  1495 | D:2      | Reached XP level 4. HP: 20/24 MP: 12/12
  1667 | D:2      | Reached skill level 5 in Spellcasting
  1676 | D:2      | Learned a level 4 spell: Sticky Flame
  2312 | D:3      | Found an ancient bone altar of Kikubaaqudgha.
  2510 | D:3      | Noticed 100P's ghost (amateur DsGl)
  2563 | D:3      | Reached XP level 5. HP: 28/28 MP: 8/14
  2701 | D:3      | Killed 100P's ghost
  2701 | D:3      | Reached skill level 6 in Spellcasting
  3274 | D:4      | Got a wizard robe
  3296 | D:4      | Identified the +0 robe of the Other World {rElec} (You found it on level 4 of the Dungeon)
  3403 | D:4      | Reached XP level 6. HP: 32/32 MP: 6/17
  3960 | D:4      | Reached skill level 7 in Spellcasting
  3960 | D:4      | Reached skill level 5 in Fire Magic
  4105 | D:4      | Learned a level 5 spell: Fireball
  4106 | D:5      | Entered Level 5 of the Dungeon
  4126 | D:5      | Reached XP level 7. HP: 34/36 MP: 19/19
  4178 | D:5      | Reached skill level 1 in Short Blades
  4249 | D:5      | Reached skill level 1 in Fighting
  4249 | D:5      | Reached skill level 1 in Armour
  4507 | D:5      | Found a staircase to the Ecumenical Temple.
  4512 | D:5      | Reached skill level 8 in Spellcasting
  4521 | Temple   | Entered the Ecumenical Temple
  4612 | Temple   | Became a worshipper of Vehumet
  4672 | D:5      | Found a hazy altar of Hepliaklqana.
  4673 | D:5      | Reached XP level 8. HP: 43/43 MP: 22/22
  5077 | D:6      | Got an ichor-stained great sword
  5078 | D:6      | Identified the +3 great sword of Ipsut {slice, Stlth+} (You found it on level 6 of the Dungeon)
  5122 | D:6      | Reached skill level 5 in Conjurations
  5172 | D:6      | Reached skill level 1 in Evocations
  5597 | D:6      | Reached * piety under Vehumet
  5597 | D:6      | Offered knowledge of Shock by Vehumet.
  5600 | D:6      | Learned a level 1 spell: Shock
  5824 | D:7      | Found a hazy altar of Hepliaklqana.
  5854 | D:7      | Slain by an orc warrior

Vault maps used:
D:1:      dpeg_arrival_oval
D:2:      chequers_temple_overflow_statue_of_worship
D:3:      kiku_gazebo_pond_becter
D:4:      first_bread
D:5:      marbit_many_paths
D:6:      corexii_leaking_fountain, st_stairs_3
D:7:      nicolae_dithmenos_shadow_blocks, basic_altar, uniq_pikel
Temple:   compressed_dpeg_circular_temple

Skill      XL: |  1  2  3  4  5  6  7  8 |
---------------+-------------------------+-----
Spellcasting   | 4 5 6 7 8 |  8.5
Conjurations   | 2 3 4 5 |  5.2
Fire Magic     | 4 5 |  5.6
Short Blades   | 1 2 |  2.5
Dodging        | 3 |  3.9
Fighting       | 1 |  1.8
Armour         | 1 2 |  2.0
Evocations     | 1 |  1.8
Stealth        | |  2.4

Action                   |  1- 3 |  4- 6 |  7- 9 || total
-------------------------+-------+-------+-------++-------
Melee: Dagger            |     6 |    57 |    70 ||   133
 Cast: Flame Tongue      |    33 |    53 |    46 ||   132
       Inner Flame       |     2 |     3 |     2 ||     7
       Conjure Flame     |     1 |     3 |     3 ||     7
       Throw Flame       |       |    10 |     5 ||    15
       Sticky Flame      |       |     5 |    17 ||    22
       Fireball          |       |       |     3 ||     3
  Use: Potion            |     2 |       |       ||     2
       Scroll            |       |    10 |     6 ||    16
 Stab: Sleeping          |     2 |     8 |     2 ||    12
  Eat: Chunk             |     2 |     9 |     8 ||    19
Armor: Robe              |     4 |     5 |    18 ||    27
Dodge: Dodged            |    17 |    46 |    53 ||   116
